 Dungeon Crawl Stone Soup version 0.31-a0-981-geadf994542 (webtiles) character file.

Game seed: 14110891663355990363

56080 hikkokomori the Fighter (level 14, -5/89 (91) HPs)
             Began as a Gargoyle Earth Elementalist on Oct 25, 2023.
             Was the Champion of Vehumet.
             Slain by an orc knight
             ... wielding a +2 battleaxe
              (34 damage)
             ... on level 2 of the Orcish Mines on Oct 31, 2023.
             The game lasted 01:07:13 (17354 turns).

hikkokomori the Fighter (GrEE)                     Turns: 17354, Time: 01:07:13

HP:   -5/89 (91)    AC: 18    Str: 12    XL:     14   Next: 80%
MP:   21/28         EV: 15    Int: 27    God:    Vehumet [******]
Gold: 1971          SH:  0    Dex: 14    Spells: 3/33 levels left

rFire   . . .        p - +8 rapier of Intimidation {heavy, Drain Int+4 SInv Stlth+}
rCold   . . .        (no shield)
rNeg    + . .        N - +1 robe of the Dwarven Hall {rCorr Str-2 Dex+2}
rPois   ∞            K - +0 helmet
rElec   +            w - +0 cloak
rCorr   +            h - +2 pair of gloves
SInv    +            (no boots)
Will    +....        W - amulet of magic regeneration
Stlth   +++++        j - +6 ring of intelligence
HPRegen 0.34/turn    S - ring of resist corrosion
MPRegen 0.61/turn

%: no passive effects
@: swift, flying, lightly drained, very quick
A: sickness immunity, AC +10, big wings, negative energy resistance 1,
electricity resistance, torment resistance 1, petrification resistance
a: Renounce Religion


You were on level 2 of the Orcish Mines.
You worshipped Vehumet.
Vehumet was exalted by your worship.
You visited 3 branches of the dungeon, and saw 16 of its levels.

You collected 1971 gold pieces.

Inventory:

Hand Weapons
 a - a +3 double sword of holy wrath
 p - the +8 rapier of Intimidation (weapon) {heavy, Drain Int+4 SInv Stlth+}
   (You found it on level 6 of the Dungeon)

   Int+4:     It affects your intelligence (+4).
   SInv:      It lets you see invisible.
   Drain:     It drains your maximum health when unequipped.
   Stlth+:    It makes you more stealthy.
 P - the +11 trident "Fiwah" {heavy, rC+ MP+9}
   (You found it on level 1 of the Lair of Beasts)

   rC+:       It protects you from cold.
   MP+9:      It affects your magic capacity (+9).
Missiles
 l - 24 poisoned darts
 u - 3 throwing nets
 B - 12 javelins
 C - a curare-tipped dart
Armour
 h - a +2 pair of gloves (worn)
 r - a +4 ring mail of positive energy
 w - a +0 cloak (worn)
 D - the +5 pair of gloves "Ciolirch" {-Tele MP+9 Str+6}
   (You found it on level 7 of the Dungeon)

   Str+6:     It affects your strength (+6).
   MP+9:      It affects your magic capacity (+9).
   -Tele:     It prevents most forms of teleportation.
 K - a +0 helmet (worn)
 N - the +1 robe of the Dwarven Hall (worn) {rCorr Str-2 Dex+2}
   (You found it on level 4 of the Dungeon)

   Str-2:     It affects your strength (-2).
   Dex+2:     It affects your dexterity (+2).
   rCorr:     It protects you from acid and corrosion.
 Q - a +1 robe of cold resistance
Jewellery
 j - a +6 ring of intelligence (left hand)
 S - a ring of resist corrosion (right hand)
 W - an amulet of magic regeneration (around neck)
Wands
 e - a wand of flame (20)
 n - a wand of acid (28)
 E - a wand of digging (5)
 H - a wand of iceblast (8)
 R - a wand of polymorph (11)
Scrolls
 c - 3 scrolls of vulnerability
 m - a scroll of immolation
 q - 2 scrolls of teleportation {unknown}
 x - 2 scrolls of amnesia
 y - 2 scrolls of revelation
 A - 4 scrolls of enchant armour
 F - a scroll of brand weapon
 G - 2 scrolls of summoning
 J - a scroll of poison
 L - a scroll of enchant weapon {unknown}
 O - a scroll of acquirement
 T - a scroll of silence {unknown}
 V - 2 scrolls of fear {unknown}
 Y - a scroll of blinking {unknown}
 Z - a scroll of identify
Potions
 b - 3 potions of magic
 d - 2 potions of berserk rage
 f - 2 potions of curing
 g - 6 potions of attraction
 i - 3 potions of mutation
 o - a potion of might
 s - 3 potions of haste
 t - 3 potions of lignification
 v - a potion of invisibility
 z - a potion of brilliance
 I - 5 potions of cancellation
 M - a potion of ambrosia
 X - a potion of heal wounds {unknown}
Miscellaneous
 k - a lightning rod (4/4)
 U - a phantom mirror


   Skills:
 - Level 11.7 Fighting
 + Level 9.3 Short Blades
 + Level 7.7 Dodging
 - Level 9.0 Stealth
 + Level 10.1 Spellcasting
 - Level 7.2 Conjurations
 + Level 2.4 Transmutations
 - Level 3.2 Ice Magic
 - Level 5.3 Air Magic
 - Level 8.6 Earth Magic
 + Level 8.0 Evocations


You had 3 spell levels left.
You knew the following spells:

 Your Spells              Type           Power      Damage    Failure   Level
a - Sandblast             Erth           100%       2d20      1%          1
b - Stone Arrow           Conj/Erth      100%       3d13      1%          3
c - Passwall              Tmut/Erth      35%        N/A       1%          2
d - Brom's Barrelling Bo  Conj/Erth      54%        2d7       1%          4
e - Swiftness             Air            42%        N/A       1%          3
f - Mephitic Cloud        Conj/Pois/Air  36%        N/A       1%          3
g - Freezing Cloud        Conj/Ice/Air   21%        6-21      4%          5
h - Airstrike             Air            21%        2d(3-19)  1%          4
i - Irradiate             Conj/Tmut      19%        3d18      4%          5

Your spell library contained the following spells:

 Spells                   Type           Power      Damage    Failure   Level
 Starburst                Conj/Fire      16%        6d6       36%         6
 Freeze                   Ice            100%       1d10      1%          1
 Magic Dart               Conj           100%       1d8       1%          1
 Searing Ray              Conj           100%       2d8       1%          2
 Frozen Ramparts          Ice            62%        1d10      1%          3
 Hailstorm                Conj/Ice       42%        3d10      1%          3
 Ignite Poison            Fire/Tmut/Pois 18%        N/A       2%          3
 Ensorcelled Hibernation  Hex/Ice        44%        N/A       3%          2
 Inner Flame              Hex/Fire       13%        N/A       3%          3
 Volatile Blastmotes      Fire/Tloc      26%        2d12      3%          3
 Blink                    Tloc           26%        N/A       6%          2
 Flame Wave               Conj/Fire      33%        2d10      2%          4
 Fulminant Prism          Conj/Hex       16%        3d10      2%          4
 Iskenderun's Mystic Bla  Conj/Tloc      33%        2d8       2%          4
 Sticky Flame             Conj/Fire      33%        2d5       2%          4
 Arcjolt                  Conj/Air       23%        1d33      2%          5
 Petrify                  Tmut/Erth      43%        N/A       4%          4
 Vhi's Electric Charge    Tloc/Air       56%        N/A       14%         4
 Manifold Assault         Tloc           13%        N/A       38%         4
 Maxwell's Capacitive Co  Air            21%        ∞         99%         8
 Cigotuvi's Dreadful Rot  Necr/Pois/Air  Unusable   N/A       N/A         2

Dungeon Overview and Level Annotations

Branches:
Dungeon (9/15)             Temple (0/1) D:7            Lair (5/5) D:9
  Swamp (0/4) Lair:3        Snake (0/4) Lair:3        Slime (0/5) Lair:4
    Orc (2/2) D:9             Elf (0/3) Orc:2

Altars:
Cheibriados
Dithmenos
Gozag
Kikubaaqudgha
Sif Muna
Trog
Vehumet
Wu Jian
Xom
Zin
The Shining One
Jiyva

Shops:
D:4 (   D:8 [

Annotations:
D:8 2 transporters, LeprechaunX's ghost, novice OpSh
Lair:4 1 runed translucent door


Innate Abilities, Weirdness & Mutations

You are immune to sickness and miasma.
Your stone body is resilient. (AC +10)
You are immune to poison.
Your large and strong wings let you fly.
You resist negative energy. (rN+)
You are resistant to electric shocks. (rElec)
You are resistant to unholy torment.
You are immune to petrification.


Message History

Confirm with . or Enter, or press ? or * to list all spells.
Aiming: Freezing Cloud (dangerous; 4% risk of failure)
Press: ? - help, Dir - move target, f - orc sorcerer
Aim: an orc sorcerer, wielding a +0 dagger and wearing a +0 robe The orc sorcerer is engulfed in freezing vapours.
The orc sorcerer points at you and mumbles some strange words.
The bolt of negative energy hits the ynoxinul.
The ynoxinul completely resists.
The bolt of negative energy misses you.
The orc warrior is engulfed in freezing vapours.
Unknown command.
Unknown command.
Unknown command.
Unknown command.
Unknown command.
Unknown command.
The ynoxinul gestures.
The orc sorcerer is engulfed in freezing vapours.
The orc sorcerer gestures wildly while chanting.
The orc knight attacks as it pursues you!
The orc knight hits you with a +2 battleaxe!!
You hear a shout!
Unknown command.
Unknown command.
Casting: Freezing Cloud (dangerous; 4% risk of failure)
Confirm with . or Enter, or press ? or * to list all spells.
Aiming: Freezing Cloud (dangerous; 4% risk of failure)
Press: ? - help, Dir - move target, f - ufetubus, p - orc sorcerer
Aim: an ufetubus (summoned)
Okay, then.
Okay, then.
Casting: Freezing Cloud (dangerous; 4% risk of failure)
Confirm with . or Enter, or press ? or * to list all spells.
You feel quick.
The wraith is engulfed in freezing vapours.
The orc sorcerer is engulfed in freezing vapours.
The orc sorcerer gestures wildly while chanting.
The orc wizard casts a spell.
The orc wizard flickers and vanishes for a moment.
The orc knight hits you with a +2 battleaxe!!
You die...

..######...........$.
..o○))).#..)........#.
..oo○☼)○#.............
.ooo§)..)...$.........
..o§o4).)..#..........
..o§o§4.)°............
.oo§o§).5............
..o§§§.5o...........
..o)o.))#@.........#
......).#....$.....
...######........< ..
#......... #.........
###$$..... .T....
......


You could see an orc knight (strong), an orange demon (summoned), a troll
(asleep), 2 orc sorcerers, a red devil (summoned), 3 orc warriors, 2 orc
priests, 2 orc wizards, 2 ufetubi and 3 orcs.

Vanquished Creatures
  A tentacled starspawn (Lair:5)
  2 orc warlords (Orc:2)
  Nessos (Lair:5)
  5 hydras
  Fannar (Lair:2)
  3 death yaks (Lair:4)
  2 orc high priests (Orc:2)
  Urug (Lair:2)
  2 skysharks
  2 oklob plants
  2 orc sorcerers (Orc:2)
  2 orc knights (Orc:2)
  14 elephants
  6 black mambas
  13 cane toads
  3 kobold demonologists (D:9)
  A rime drake (Lair:4)
  9 komodo dragons
  8 hornets
  3 polar bears
  Prince Ribbit (D:8)
  A dream sheep (Lair:5)
  9 blink frogs
  13 spriggans (Lair:5)
  A wyvern (Lair:2)
  A wraith (D:9)
  54 yaks
  A human (Lair:5)
  2 basilisks
  6 vampire mosquitoes
  2 wargs (Orc:2)
  3 nagas (Lair:3)
  11 water moccasins
  A sky beast (D:8)
  A swamp drake (Lair:2)
  22 orc warriors
  9 black bears
  2 ice beasts (D:6)
  6 ogres
  18 wolves (Lair:5)
  4 boggarts (Lair:5)
  A centaur (D:7)
  A kobold brigand (D:8)
  14 bullfrogs
  A gnoll sergeant (D:5)
  5 scorpions
  10 wights
  2 howler monkeys
  5 hounds
  A jelly (D:6)
  21 orc priests
  Crazy Yiuf (D:6)
  Jessica (D:2)
  3 sleepcaps
  3 iguanas
  25 orc wizards
  12 gnolls
  10 adders
  4 white imps
  A worm (D:5)
  3 dart slugs
  51 orcs
  4 endoplasms
  4 giant cockroaches
  5 goblins
  7 hobgoblins
  2 jackals (D:3)
  13 kobolds
  6 quokkas
  5 ball pythons
  3 bats
  A frilled lizard (D:1)
  3 rats
477 creatures vanquished.

Vanquished Creatures (collateral kills)
  A kobold (D:8)
  20 boulders
21 creatures vanquished.

Vanquished Creatures (others)
  An orc (Orc:2)
  22 boulders
  2 starspawn tentacles (Lair:5)
25 creatures vanquished.

Grand Total: 523 creatures vanquished

Notes
Turn   | Place    | Note
-------+----------+-------------------------------------------
     0 | D:1      | hikkokomori the Gargoyle Earth Elementalist began the quest
                  | for the Orb.
     0 | D:1      | Reached XP level 1. HP: 10/10 MP: 3/3
   260 | D:1      | Reached XP level 2. HP: 16/16 MP: 1/5
   808 | D:2      | Reached skill level 1 in Fighting
   978 | D:2      | Identified the +7 dagger of Plague {heavy, rPois SInv}
  1009 | D:2      | Reached XP level 3. HP: 20/20 MP: 3/6
  1013 | D:2      | Learned a level 3 spell: Stone Arrow
  1181 | D:2      | Reached skill level 1 in Conjurations
  1181 | D:2      | Reached XP level 4. HP: 26/26 MP: 2/7
  1459 | D:2      | Noticed Jessica
  1472 | D:2      | Killed Jessica
  1473 | D:2      | Reached skill level 2 in Fighting
  1967 | D:3      | Found a bloodstained altar of Trog.
  2232 | D:3      | Learned a level 2 spell: Passwall
  2309 | D:3      | Reached XP level 5. HP: 30/30 MP: 7/9
  2341 | D:3      | You fall into a shaft and drop 2 floors!
  2341 | D:5      | Entered Level 5 of the Dungeon
  2758 | D:4      | Identified the +1 robe of the Dwarven Hall {rCorr Str-2
                  | Dex+2}
  2793 | D:4      | Found Kashrisaqa's Antique Weapon Emporium.
  3389 | D:4      | Noticed an ogre
  3393 | D:4      | Killed an ogre
  3394 | D:4      | Reached skill level 3 in Fighting
  3394 | D:4      | Reached XP level 6. HP: 37/37 MP: 5/10
  4042 | D:5      | Found a shadowy altar of Dithmenos.
  4042 | D:5      | Found a glowing golden altar of the Shining One.
  4139 | D:5      | Reached XP level 7. HP: 41/41 MP: 7/12
  4226 | D:5      | Reached skill level 5 in Earth Magic
  4476 | D:5      | Reached skill level 4 in Fighting
  4476 | D:5      | Reached skill level 5 in Stealth
  4627 | D:5      | Found a radiant altar of Vehumet.
  4630 | D:5      | Found an opulent altar of Gozag.
  4660 | D:5      | Became a worshipper of Vehumet
  4810 | D:5      | Reached XP level 8. HP: 48/48 MP: 12/14
  5117 | D:6      | Found a runed translucent door.
  5118 | D:6      | Noticed Crazy Yiuf
  5161 | D:6      | Reached skill level 5 in Fighting
  5302 | D:6      | Identified the +8 rapier of Intimidation {heavy, Drain
                  | Int+4 SInv Stlth+}
  5322 | D:6      | Upgraded the game from 0.31-a0-963-ga325b2283a to
                  | 0.31-a0-981-geadf994542
  5502 | D:6      | Reached skill level 5 in Conjurations
  5512 | D:6      | Learned a level 4 spell: Brom's Barrelling Boulder
  5516 | D:6      | Learned a level 3 spell: Swiftness
  5516 | D:6      | Reached skill level 7 in Fighting
  5516 | D:6      | Reached XP level 9. HP: 57/57 MP: 15/18
  5747 | D:6      | Killed Crazy Yiuf
  5957 | D:5      | Reached * piety under Vehumet
  5957 | D:5      | Offered knowledge of Kiss of Death by Vehumet.
  5958 | D:5      | Reached XP level 10. HP: 63/63 MP: 15/19
  6498 | D:7      | Reached skill level 1 in Evocations
  6573 | D:7      | Found a shimmering altar of Xom.
  6581 | D:7      | Identified the +5 pair of gloves "Ciolirch" {-Tele MP+9
                  | Str+6}
  6769 | D:7      | Found a shimmering blue altar of Sif Muna.
  6931 | D:7      | Found a staircase to the Ecumenical Temple.
  7183 | D:8      | Offered knowledge of Momentum Strike by Vehumet.
  7190 | D:8      | Reached ** piety under Vehumet
  7476 | D:8      | Noticed Prince Ribbit
  7481 | D:8      | Killed Prince Ribbit
  7601 | D:8      | Noticed a red ugly thing
  7601 | D:8      | Noticed LeprechaunX's ghost (novice OpSh)
  7602 | D:8      | Found a transporter.
  7606 | D:8      | Noticed a purple ugly thing
  7666 | D:8      | Found a transporter.
  7797 | D:8      | Found Cheibriados's Comfort Zone.
  7798 | D:8      | Found a snail-covered altar of Cheibriados.
  7830 | D:8      | Reached skill level 8 in Fighting
  7992 | D:8      | Reached skill level 5 in Short Blades
  8478 | D:9      | Noticed a kobold demonologist
  8479 | D:9      | Noticed a kobold demonologist
  8481 | D:9      | Noticed a kobold demonologist
  8494 | D:9      | Killed a kobold demonologist
  8734 | D:9      | Killed a kobold demonologist
  8859 | D:9      | Offered knowledge of Mephitic Cloud by Vehumet.
  8864 | D:9      | Learned a level 3 spell: Mephitic Cloud
  8989 | D:9      | Reached XP level 11. HP: 69/69 MP: 21/21
  9253 | D:9      | Found a staircase to the Lair.
  9272 | D:9      | Found a staircase to the Orcish Mines.
  9273 | D:9      | Reached *** piety under Vehumet
  9498 | D:9      | Learned a level 5 spell: Freezing Cloud
  9671 | D:9      | Found an ancient bone altar of Kikubaaqudgha.
  9935 | D:9      | Offered knowledge of Airstrike by Vehumet.
 10228 | D:14     | Identified the of Uqaameur
 10228 | Lair:1   | Entered Level 1 of the Lair of Beasts
 10232 | Lair:1   | Identified the +11 trident "Fiwah" {heavy, rC+ MP+9}
 10289 | Lair:1   | Reached skill level 1 in Ice Magic
 10598 | Lair:1   | Reached skill level 9 in Fighting
 10734 | Lair:1   | Found an ornate altar of the Wu Jian Council.
 10767 | Lair:1   | Reached **** piety under Vehumet
 10773 | Lair:1   | Learned a level 4 spell: Airstrike
 10774 | Lair:1   | Identified 2 scrolls of acquirement
 10774 | Lair:1   | Identified the "Xusmashy" (You acquired it on level 1 of
                  | the Lair of Beasts)
 10774 | Lair:1   | Acquired 738 gold pieces
 10775 | Lair:1   | Identified the "Jemiclok" (You acquired it on level 1 of
                  | the Lair of Beasts)
 11170 | Lair:2   | Noticed Urug
 11175 | Lair:2   | Offered knowledge of Arcjolt by Vehumet.
 11178 | Lair:2   | Reached XP level 12. HP: 65/76 MP: 21/23
 11178 | Lair:2   | Killed Urug
 11319 | Lair:2   | Found a glowing silver altar of Zin.
 11650 | Lair:2   | Noticed Fannar
 11671 | Lair:2   | Killed Fannar
 11672 | Lair:2   | Reached skill level 5 in Dodging
 11672 | Lair:2   | Reached skill level 5 in Evocations
 11950 | Lair:2   | Reached skill level 10 in Fighting
 12038 | Lair:2   | Noticed a skyshark
 12047 | Lair:2   | Killed a skyshark
 12157 | Lair:2   | Reached ***** piety under Vehumet
 12515 | Lair:2   | Noticed a six-headed hydra
 12523 | Lair:2   | Killed a six-headed hydra
 12702 | Lair:3   | Found a staircase to the Snake Pit.
 12708 | Lair:3   | Reached XP level 13. HP: 52/83 MP: 20/25
 12833 | Lair:3   | Offered knowledge of Conjure Ball Lightning by Vehumet.
 13294 | Lair:3   | Found a staircase to the Swamp.
 14135 | Lair:4   | Reached skill level 11 in Fighting
 14630 | Lair:4   | Found a runed translucent door.
 14630 | Lair:4   | Found a viscous altar of Jiyva.
 14630 | Lair:4   | Noticed an acid blob
 14631 | Lair:4   | Found a staircase to the Slime Pits.
 14824 | Lair:5   | Identified the of Piemifee
 14824 | Lair:5   | Entered Level 5 of the Lair of Beasts
 15034 | Lair:5   | Noticed Nessos
 15367 | Lair:5   | Gained mutation: Your large and strong wings let you fly.
                  | [Gargoyle growth]
 15367 | Lair:5   | Reached XP level 14. HP: 90/90 MP: 24/27
 15489 | Lair:5   | Reached skill level 5 in Air Magic
 16008 | Lair:5   | Found a runed translucent door.
 16170 | Lair:5   | Noticed a tentacled starspawn
 16202 | Lair:5   | Killed a tentacled starspawn
 16312 | Lair:5   | Learned a level 5 spell: Irradiate
 16367 | Lair:5   | Reached skill level 1 in Transmutations
 16438 | Lair:5   | Offered knowledge of Starburst by Vehumet.
 16439 | Lair:5   | Killed Nessos
 16831 | Orc:1    | Entered Level 1 of the Orcish Mines
 16939 | Orc:2    | Entered Level 2 of the Orcish Mines
 16940 | Orc:2    | Found a staircase to the Elven Halls.
 16947 | Orc:2    | Noticed an orc warlord
 16966 | Orc:2    | Killed an orc warlord
 17319 | Orc:2    | Reached ****** piety under Vehumet
 17320 | Orc:2    | Noticed an orc warlord
 17324 | Orc:2    | Reached skill level 10 in Spellcasting
 17334 | Orc:2    | Killed an orc warlord
 17354 | Orc:2    | Slain by an orc knight

Illustrated notes

Levels and vault maps discovered:
D:1:      lightli_arrival_quake, layout_basic, st_stairs_2,
          minmay_misc_feat_roman
D:2:      layout_basic, uniq_jessica
D:3:      layout_loops_ring, old_standard_altar,
          shapermc_ecumenical_altar_mp_urbaneastern,
          minmay_misc_feat_four_crosses
D:4:      layout_layer_cave, serial_shops, nicolae_diamond_shop,
          dreamdust_mushroom_princess, nicolae_the_louvre
D:5:      layout_basic, nicolae_overflow_squiral, jmf_multi_god_temple,
          minmay_pentangle
D:6:      layout_loops_cross, minmay_checkerbox, uniq_crazy_yiuf_cottage
D:7:      layout_loops_ring, mainiacjoe_overflow_alcove_2,
          mainiacjoe_overflow_24_doors, minmay_temple_entry_poolview
D:8:      layout_gridville, gammafunk_ghost_arena, minmay_shop_chei,
          uniq_prince_ribbit1
D:9:      layout_basic, lemuel_tele_altar, grunt_lair_entry_orc_guard_hut,
          david_orc_3
Lair:1:   layout_small_grid, basic_altar
Lair:2:   layout_misc_corridors, basic_altar, st_stairs_10, pond,
          infiniplex_staircase_pool, uniq_urug, uniq_fannar
Lair:3:   layout_gridlike, minmay_swamp_entry_swarm,
          guppyfry_snake_entry_garden, chequers_serial_rivers_small_b,
          grunt_megastairs_2
Lair:4:   hellmonk_destroyed_diamonds, layout_misc_corridors, slime_entry_2,
          chequers_serial_rivers_small_a, minmay_lair_oklob_items,
          dreamdust_wasp_nest
Lair:5:   minmay_lair_end_enchanted_forest, layout_long_grid,
          pdpol_lair_cabin_in_the_woods, uniq_nessos
Orc:1:    layout_diamond_mine
Orc:2:    st_orc_congregation, layout_caves, basic_altar, uniq_josephine

Skill      XL: |  1  2  3  4  5  6  7  8  9 10 11 12 13 14 |
---------------+-------------------------------------------+-----
Fighting       | 1 2 3 4 7 8 9 10 11 | 11.7
Earth Magic    | 4 5 8 |  8.6
Stealth        | 3 4 5 6 7 8 9 |  9.0
Conjurations   | 1 2 3 7 |  7.2
Spellcasting   | 3 4 6 7 8 9 10 | 10.1
Short Blades   | 4 5 6 7 8 9 |  9.3
Air Magic      | 3 4 5 |  5.3
Dodging        | 3 4 5 6 7 |  7.7
Evocations     | 2 4 5 7 8 |  8.0
Ice Magic      | 2 3 |  3.2
Transmutations | 2 |  2.4

Action                     |  1- 3 |  4- 6 |  7- 9 | 10-12 | 13-15 || total
---------------------------+-------+-------+-------+-------+-------++-------
  Melee: Hand axe          |     3 |       |       |       |       ||     3
         Dagger            |     1 |    13 |    13 |       |       ||    27
         Rapier            |       |       |    10 |   157 |   183 ||   350
         Punch             |       |       |     2 |     3 |     2 ||     7
  Throw: Dart              |       |     2 |       |       |       ||     2
         Javelin           |       |       |     2 |       |       ||     2
   Cast: Sandblast         |    31 |    60 |    53 |    52 |    66 ||   262
         Stone Arrow       |       |     3 |    14 |    34 |     6 ||    57
         Brom's Barrelling |       |       |     1 |    42 |    18 ||    61
         Mephitic Cloud    |       |       |       |     8 |       ||     8
         Freezing Cloud    |       |       |       |    26 |    75 ||   101
         Passwall          |       |       |       |       |     1 ||     1
         Irradiate         |       |       |       |       |     3 ||     3
         Swiftness         |       |       |       |       |     2 ||     2
  Evoke: Wand              |       |       |       |     8 |     1 ||     9
         Lightning rod     |       |       |       |     4 |       ||     4
    Use: Scroll            |       |     4 |    12 |     7 |     3 ||    26
         Potion            |       |       |     3 |       |       ||     3
   Stab: Sleeping          |       |     1 |     2 |    16 |    16 ||    35
         Confused          |       |       |       |     3 |       ||     3
 Armour: Robe              |     9 |    32 |    63 |   192 |   188 ||   484
  Dodge: Dodged            |    11 |    29 |    45 |   140 |   206 ||   431

Table legend: (Time is in decaauts)
 A = Elapsed time spent in this place.
 B = Non-inter-level travel time spent in this place.
 C = Inter-level travel time spent in this place.
 D = Time resting spent in this place.
 E = Time spent auto-exploring this place.
 F = Levels seen in this place.
 G = Mean time per level.
                   A        B        C        D        E       F      G
               +--------+--------+--------+--------+--------+-----+--------+
         Total |  17631 |  16843 |    788 |   1753 |  12020 |  16 | 1101.9 |
       Dungeon |  10417 |   9788 |    629 |    873 |   7254 |   9 | 1157.4 |
          Lair |   6686 |   6528 |    158 |    709 |   4540 |   5 | 1337.2 |
  Orcish Mines |    526 |    526 |      0 |    171 |    226 |   2 |  263.0 |
               +--------+--------+--------+--------+--------+-----+--------+

Top non-repeatable levels by time:
  Lair:5: 1775 daAuts
     D:4: 1694 daAuts
     D:5: 1543 daAuts
     D:9: 1477 daAuts
     D:8: 1441 daAuts
  Lair:2: 1316 daAuts
  Lair:4: 1262 daAuts
  Lair:3: 1173 daAuts
  Lair:1: 1159 daAuts
     D:2: 1096 daAuts
     D:6: 1085 daAuts
     D:7: 809 daAuts
     D:1: 727 daAuts
     D:3: 542 daAuts
   Orc:1: 283 daAuts
